Map: [ESL] Site Delta

Players

Future - Winner!

  • Race: Terran Terran
  • Spawn Location: 11:00

DisK

  • Race: Protoss Protoss
  • Spawn Location: 5:00

Event: ESL SC2 Masters 2024 Spring (Regional)

VOD

Have the link to the VOD?

Description

Time

  • Played on: May 4, 2024, 1:25 p.m.
  • Length: 21:05

All games in this series

Show
View Real Time Build Order
Export as new Build Order

Future Terran - Winner!

Build Orders:  

Get SALT Encoding   

  12  0:00  SCV  
  13  0:12  SCV  
  14  0:17  Supply Depot  
  14  0:24  SCV  
  15  0:39  SCV  
  15  0:40  Barracks  
  16  0:45  Refinery  
  16  0:51  SCV  
  16  0:54  Refinery  
  17  1:03  SCV  
  18  1:15  SCV  
  19  1:28  Orbital Command, Reaper  
  20  1:37  Supply Depot  
  20  1:44  Factory  
  20  1:54  SCV  
  20  2:06  SCV  
  21  2:18  SCV  
  22  2:29  Hellion  
  23  2:30  SCV  
  23  2:33  Command Center  
  23  2:36  Starport  
  24  2:42  SCV  
  25  2:44  Supply Depot  
  25  2:50  Widow Mine  
  27  2:54  SCV  
  27  2:57  Barracks Reactor  
  28  3:06  SCV  
  28  3:12  Widow Mine  
  31  3:14  Medivac  
  31  3:19  SCV  
  34  3:32  SCV  
  35  3:34  Factory Tech Lab, Marine  
  35  3:35  Marine  
  37  3:44  SCV, Starport Tech Lab  
  38  3:52  Marine  
  38  3:53  Siege Tank, Marine  
  43  3:56  SCV  
  44  4:06  Orbital Command  
  44  4:08  SCV  
  44  4:09  Refinery, Supply Depot, Raven  
  45  4:14  Interference Matrix  
  45  4:15  Marine x2  
  47  4:20  SCV  
  47  4:32  SCV  
  47  4:33  Marine x2  
  47  4:35  Siege Tank  
  47  4:37  SCV  
  54  4:43  Supply Depot  
  54  4:44  SCV  
  55  4:49  SCV  
  55  4:51  Marine  
  55  4:52  Bunker, Marine  
  58  5:00  Barracks  
  58  5:01  SCV  
  58  5:03  SCV  
  60  5:13  Marine x2  
  60  5:15  Siege Tank  
  60  5:18  SCV x2  
  65  5:21  Supply Depot  
  65  5:26  Starport Reactor  
  65  5:30  SCV x2  
  65  5:33  Barracks  
  67  5:36  Marine x2  
  67  5:42  SCV  
  70  5:43  SCV  
  70  5:47  Supply Depot  
  70  5:48  Engineering Bay  
  71  5:54  SCV  
  71  5:55  SCV  
  71  5:56  Stimpack, Supply Depot  
  71  5:57  Marine x2  
  73  6:02  Marauder  
  73  6:03  Factory Reactor  
  77  6:07  SCV  
  77  6:08  SCV  
  77  6:10  Supply Depot  
  79  6:13  Refinery  
  79  6:17  Terran Infantry Weapons Level 1  
  79  6:18  Marine x2  
  79  6:19  SCV  
  79  6:20  SCV  
  79  6:21  Supply Depot  
  79  6:24  Marauder  
  85  6:31  Combat Shield  
  86  6:32  Marauder  
  86  6:36  Marine x2  
  86  6:38  Medivac x2  
  92  6:41  Supply Depot  
  92  6:44  Widow Mine  
  92  6:45  Widow Mine, Marauder  
  98  6:48  Supply Depot  
  98  6:55  Marauder  
  100  7:07  Marauder  
  102  7:08  Marine  
  102  7:09  Marine  
  102  7:12  Medivac x2  
  102  7:13  Widow Mine x2  
  112  7:16  Marauder  
  112  7:19  Supply Depot  
  114  7:23  Supply Depot  
  114  7:30  Marauder  
  114  7:31  Marine x2  
  114  7:33  Command Center  
  117  7:37  Marauder  
  117  7:39  Widow Mine x2  
  121  7:52  Marauder  
  121  7:54  Barracks  
  121  7:55  Barracks  
  123  7:59  Marauder  
  125  8:07  Viking  
  125  8:11  SCV x2  
  125  8:12  Marine  
  128  8:13  Marauder, Viking  
  127  8:20  Marauder  
  123  8:34  SCV x2  
  111  8:35  Marauder  
  111  8:38  Viking  
  105  8:41  Terran Infantry Armor Level 1  
  105  8:43  Barracks Tech Lab, Barracks Reactor, Viking  
  105  8:46  SCV x2  
  109  8:53  Marauder  
  109  8:54  SCV  
  111  8:56  Marauder  
  111  9:00  SCV  
  111  9:01  SCV, Marauder, Marine  
  118  9:08  Orbital Command  
  118  9:14  Marauder  
  118  9:15  SCV x2  
  120  9:17  Ghost Academy, Marauder  
  120  9:21  Marine  
  120  9:23  Marauder  
  113  9:30  Armory  
  113  9:31  Engineering Bay  
  113  9:35  Marauder  
  109  9:39  Marauder  
  109  9:42  Marine  
  109  9:43  Marine x2  
  109  9:44  Marauder  
  107  9:47  SCV x3  
  108  9:54  Viking x2  
  108  9:57  Marauder  
  107  10:00  Marauder, Marine  
  107  10:04  Widow Mine x2  
  107  10:06  Marauder  
  116  10:09  Refinery, Marine x2  
  116  10:10  Refinery, Marine  
  119  10:18  Marauder, Marine  
  119  10:21  Ghost  
  115  10:26  Widow Mine, Ghost  
  116  10:30  Marine  
  116  10:31  Marine  
  116  10:32  Concussive Shells  
  116  10:33  Terran Infantry Weapons Level 2  
  114  10:38  Terran Infantry Armor Level 2  
  114  10:39  Ghost  
  114  10:40  Widow Mine  
  117  10:47  Marine  
  117  10:48  Widow Mine  
  117  10:49  Ghost  
  118  10:50  Medivac x2  
  118  10:51  Marine x3  
  118  10:56  Marauder  
  129  10:57  Missile Turret  
  129  10:58  Supply Depot  
  129  11:08  Marauder  
  129  11:10  Marine x2  
  128  11:12  Widow Mine x2  
  128  11:17  Marauder, Marine  
  135  11:19  Command Center, Marauder  
  135  11:25  Marine  
  136  11:30  Marauder  
  133  11:33  Widow Mine  
  133  11:34  Marine  
  133  11:35  Marine  
  133  11:37  Marine  
  133  11:38  Marauder  
  132  11:40  Marauder  
  132  11:41  Widow Mine  
  132  11:44  Viking x2  
  132  11:45  Marine  
  141  11:51  Marauder  
  141  11:54  Sensor Tower, Marine  
  144  11:59  Widow Mine  
  144  12:00  Marauder  
  146  12:01  Marauder  
  146  12:02  Widow Mine  
  146  12:03  Missile Turret  
  150  12:09  Marine x2  
  150  12:10  Marine  
  150  12:12  Marauder  
  151  12:21  Marauder, Marine  
  143  12:23  Marauder  
  143  12:27  Marine  
  145  12:31  Widow Mine  
  145  12:32  Medivac x2  
  145  12:34  SCV x2, Marauder  
  145  12:35  SCV  
  156  12:37  Marine  
  156  12:39  Widow Mine  
  156  12:42  Marauder  
  161  12:44  Marauder  
  158  12:55  SCV x3  
  158  12:57  Terran Infantry Weapons Level 3  
  158  12:58  Terran Infantry Armor Level 3, Missile Turret, Terran Ship Weapons Level 1  
  161  13:00  Sensor Tower  
  161  13:06  Ghost x3  
  161  13:08  Viking x2  
  171  13:15  Widow Mine x2  
  171  13:17  Planetary Fortress  
  171  13:19  Supply Depot  
  171  13:20  Supply Depot  
  171  13:25  Marine x3  
  171  13:26  Marine  
  175  13:31  Missile Turret  
  175  13:36  Missile Turret  
  175  13:39  Widow Mine x2  
  175  13:40  Viking  
  181  13:41  Viking  
  179  13:54  Marauder  
  179  13:55  Marauder, Marine  
  179  14:01  Missile Turret  
  178  14:08  Marauder, Marine  
  178  14:09  Widow Mine  
  159  14:10  Widow Mine  
  159  14:15  Marauder  
  158  14:20  Marauder  
  158  14:21  Marine x2  
  158  14:23  Viking x2  
  159  14:30  Marauder  
  159  14:31  Marine  
  156  14:33  Marine  
  156  14:37  Marauder  
  158  14:41  Marauder  
  158  14:42  Starport, Command Center  
  158  14:43  Marine  
  158  14:44  Command Center, Marine  
  162  14:47  Widow Mine x2  
  162  14:51  Marauder  
  168  14:53  Medivac x2  
  168  14:55  Refinery  
  168  14:56  Refinery  
  168  14:58  Marauder  
  174  15:02  Marauder  
  174  15:04  Marine  
  174  15:05  Terran Ship Weapons Level 2, Marine x2  
  177  15:18  Marine  
  177  15:19  Marauder x2  
  182  15:24  Starport Reactor, Liberator x2  
  182  15:27  Supply Depot  
  188  15:31  Fusion Core  
  188  15:47  Neosteel Armor  
  188  15:49  Hi-Sec Auto Tracking  
  183  16:12  Liberator x3, Command Center, Orbital Command  
  183  16:13  Orbital Command  
  183  16:14  Sensor Tower, Missile Turret  
  192  16:25  Liberator  
  187  16:44  Barracks  
  187  16:46  Barracks  
  186  16:51  Barracks  
  174  17:20  Advanced Ballistics  
  173  17:37  Planetary Fortress  
  173  17:41  Command Center  
  173  17:51  Liberator x3  
  169  17:52  Liberator  
  178  18:05  Barracks Tech Lab  
  178  18:06  Barracks Tech Lab x2  
  178  18:07  Terran Ship Weapons Level 3  
  170  18:19  Marine, Marauder x3  
  157  18:38  Marauder x3, Marine  
  157  18:39  Liberator x2  
  157  18:40  Marauder x2  
  160  18:42  Liberator x2  
  160  18:46  Marauder, Marine  
  153  18:50  Marine  
  153  18:51  Marine  
  153  18:52  Widow Mine x2  
  147  18:56  Marine  
  147  18:59  Orbital Command  
  147  19:00  Marauder x3  
  147  19:01  Marauder  
  147  19:02  Refinery x2, Command Center  
  146  19:08  Marauder x2  
  142  19:19  Marine x2  
  142  19:20  Marine x2  
  142  19:21  Widow Mine, Marauder x3  
  142  19:22  Widow Mine, Medivac x2  
  142  19:23  Marauder  
  162  19:25  Medivac x2  
  162  19:30  Marauder x2  
  170  19:38  Marine  
  171  19:42  Marauder x2  
  171  19:43  Widow Mine x2, Marauder  
  171  19:44  Command Center  
  181  19:52  Medivac x2  
  185  19:55  Medivac x2  
  185  19:58  Ghost x3  
  195  20:03  Ghost  
  195  20:06  Command Center  
  195  20:31  Orbital Command  
  195  20:34  Widow Mine x2  
  191  20:39  Marauder  
  191  20:40  Marauder x4  
  191  20:41  Marine  
Show
View Real Time Build Order
Export as new Build Order

DisK Protoss 

Build Orders: 1 Gate Expand, Blink Stalkers, Colossus Rush 

Get SALT Encoding   

  12  0:00  Probe  
  13  0:12  Probe  
  14  0:16  Pylon  
  14  0:24  Probe (Chrono Boost)  
  15  0:34  Gateway  
  15  0:36  Probe (Chrono Boost)  
  16  0:45  Assimilator, Probe (Chrono Boost)  
  17  0:50  Probe  
  18  1:03  Probe  
  19  1:15  Probe  
  20  1:22  Cybernetics Core  
  20  1:25  Zealot  
  22  1:39  Nexus  
  22  1:44  Pylon  
  22  1:48  Probe  
  23  1:54  Assimilator  
  23  2:00  Adept (Chrono Boost)  
  23  2:03  Probe  
  23  2:06  Warp Gate  
  26  2:15  Probe  
  27  2:28  Probe  
  26  2:32  Twilight Council  
  26  2:40  Probe  
  27  2:44  Stalker  
  27  2:49  Shield Battery  
  29  2:51  Probe (Chrono Boost)  
  29  2:57  Probe (Chrono Boost)  
  31  3:00  Gateway  
  33  3:07  Probe (Chrono Boost)  
  33  3:08  Probe (Chrono Boost)  
  33  3:11  Blink (Chrono Boost)  
  33  3:19  Probe  
  34  3:20  Probe  
  35  3:27  Robotics Facility  
  35  3:32  Probe  
  35  3:33  Probe  
  37  3:41  Pylon  
  37  3:45  Probe (Chrono Boost)  
  37  3:46  Probe (Chrono Boost)  
  39  3:54  Stalker  
  42  3:57  Stalker, Probe (Chrono Boost)  
  42  4:00  Probe (Chrono Boost)  
  42  4:02  Probe (Chrono Boost)  
  45  4:05  Assimilator  
  45  4:08  Probe  
  47  4:11  Probe  
  47  4:15  Assimilator  
  48  4:17  Observer  
  48  4:20  Probe  
  48  4:21  Shield Battery  
  48  4:23  Probe  
  47  4:35  Probe (Chrono Boost)  
  47  4:42  Probe (Chrono Boost)  
  47  4:44  Stalker x2  
  52  4:45  Probe (Chrono Boost)  
  52  4:48  Pylon  
  52  4:51  Probe (Chrono Boost)  
  52  4:53  Probe  
  54  5:03  Observer  
  55  5:07  Robotics Bay  
  54  5:16  Probe x2  
  54  5:20  Pylon  
  56  5:29  Nexus  
  56  5:30  Pylon  
  56  5:33  Probe  
  56  5:34  Probe  
  58  5:39  Charge  
  58  5:45  Probe  
  58  5:46  Probe  
  59  5:51  Colossus (Chrono Boost)  
  65  5:58  Extended Thermal Lance  
  65  6:02  Probe x2  
  67  6:05  Shield Battery  
  67  6:10  Gateway  
  67  6:16  Gateway  
  67  6:22  Templar Archives  
  67  6:23  Probe x2  
  69  6:33  Pylon, Sentry x2, Observer  
  69  6:35  Probe  
  69  6:36  Probe  
  69  6:37  Observer  
  69  6:39  Colossus (Chrono Boost)  
  75  6:45  Probe  
  82  6:50  Probe x2  
  84  6:57  Probe  
  84  6:59  High Templar  
  87  7:02  Probe x2  
  87  7:03  Pylon  
  87  7:05  Pylon  
  89  7:10  Zealot x3  
  89  7:12  Shield Battery  
  95  7:22  Colossus (Chrono Boost)  
  101  7:36  Zealot x4  
  103  7:45  Probe x3  
  106  7:53  Gateway  
  106  7:54  Gateway  
  106  7:55  Gateway x2  
  106  7:57  Probe  
  107  8:02  Zealot x4  
  109  8:10  Colossus  
  115  8:18  Forge  
  115  8:19  Forge  
  113  8:23  Zealot x3  
  84  8:36  Zealot  
  84  8:38  Probe x2  
  82  8:45  Zealot x3, Assimilator  
  88  8:49  Assimilator, Stalker x3  
  94  8:58  Zealot x2  
  98  9:04  Colossus  
  98  9:09  Zealot x2  
  108  9:12  Zealot x2  
  107  9:18  Nexus  
  107  9:22  Zealot x3  
  89  9:26  Stalker  
  91  9:31  Zealot x3  
  83  9:46  Stalker x4  
  85  9:54  Zealot x2  
  85  9:55  Zealot x2  
  79  10:02  Pylon  
  79  10:03  High Templar x4  
  79  10:05  Protoss Ground Armor Level 1 (Chrono Boost)  
  79  10:06  Protoss Ground Weapons Level 1 (Chrono Boost)  
  87  10:07  Archon x2  
  87  10:08  Pylon  
  87  10:09  Zealot x2, High Templar x2  
  87  10:10  Probe x2  
  87  10:11  Probe  
  98  10:17  Pylon  
  98  10:18  Archon  
  88  10:23  Colossus  
  90  10:34  Zealot x2  
  84  10:37  Zealot x3  
  90  10:48  Zealot, High Templar x2  
  96  10:50  Shield Battery  
  96  10:52  Probe x3  
  96  10:53  Probe  
  96  10:54  Archon  
  100  10:59  Zealot  
  100  11:00  Zealot x4  
  110  11:10  Stalker  
  106  11:22  Zealot x7  
  108  11:36  Colossus (Chrono Boost)  
  112  11:41  Probe x3  
  112  11:42  High Templar x3  
  112  11:43  Zealot x3, High Templar  
  129  11:48  Archon  
  129  11:49  Archon, Shield Battery  
  129  11:59  Stalker  
  127  12:05  Zealot x3  
  127  12:15  Zealot x4  
  127  12:23  Nexus  
  127  12:33  Pylon  
  127  12:34  Pylon  
  123  12:40  Photon Cannon  
  123  12:42  Pylon  
  123  12:45  Pylon  
  123  12:46  Disruptor  
  123  12:51  Stalker x2  
  123  12:52  Stalker x3  
  123  12:54  Sentry  
  123  12:57  Stalker  
  135  13:11  Stalker  
  137  13:21  Stalker x5  
  137  13:24  Robotics Facility  
  137  13:26  Disruptor (Chrono Boost)  
  139  13:59  Stalker x3  
  139  14:00  Stalker x5  
  135  14:24  Zealot x8  
  129  14:29  Protoss Ground Weapons Level 2 (Chrono Boost)  
  129  14:35  Colossus  
  129  14:36  Colossus  
  141  14:42  Pylon  
  141  14:45  Stalker x3  
  147  14:53  Zealot x3  
  152  15:05  Stalker x2  
  152  15:27  Zealot x6  
  164  15:28  Shield Battery  
  164  15:36  Pylon  
  164  15:38  Disruptor  
  164  15:47  Pylon  
  162  15:54  Disruptor  
  162  15:55  Pylon  
  166  15:57  Stalker x3  
  170  16:07  Stalker x4  
  180  16:23  Disruptor (Chrono Boost)  
  178  16:26  Stalker  
  178  16:27  Zealot x3  
  178  16:28  Pylon  
  178  16:32  Protoss Ground Weapons Level 3 (Chrono Boost)  
  186  16:38  Robotics Facility  
  186  16:39  Pylon  
  186  16:44  Disruptor (Chrono Boost)  
  186  16:45  Pylon, Zealot  
  192  16:48  Zealot x3  
  196  16:59  Zealot x3  
  198  17:05  Photon Cannon  
  198  17:07  Photon Cannon  
  197  17:13  Stalker x4  
  199  17:18  Observer x2  
  198  17:47  Zealot x4  
  193  18:00  Stalker  
  193  18:01  Stalker x3  
  187  18:14  Zealot x4  
  191  18:26  Zealot x4  
  187  18:38  Zealot x4  
  165  18:45  Nexus  
  147  18:54  Stalker x4  
  141  19:06  Stalker x4  
  141  19:08  Disruptor x2  
  155  19:13  Robotics Facility  
  155  19:20  Pylon  
  155  19:23  Zealot x4  
  163  19:38  Photon Cannon  
  163  19:40  Shield Battery  
  163  19:45  Disruptor x2  
  163  20:01  Stalker x6  
  175  20:28  Zealot x5  
  161  20:41  Stalker x2  
Tags
 
Add a new tag
Caveats
  • Supply blocks, unpowered buildings, or Contaminate may cause inaccurate times.
  • Supply counts are checked every 10 seconds.